[Event "Seattle Chess Classic"]
[Site "Chess.com"]
[Date "2020.08.14"]
[Round "5"]
[White "Shahinyan, David"]
[Black "Lenderman, Aleksandr"]
[Result "1/2-1/2"]
[ECO "B26"]
[WhiteElo "2502"]
[BlackElo "2717"]
[Annotator "Aleksandr Lenderman"]
[PlyCount "48"]
[EventDate "2020.??.??"]
[TimeControl "6000+30"]

{[%evp 0,48,39,18,47,43,35,13,23,21,28,22,4,8,21,-13,-19,-33,-43,-27,-6,-22,
-24,-22,-5,-19,-26,-33,-64,-64,-70,-40,-22,-53,-20,-30,-14,-22,-19,-39,-38,-38,
-34,-27,-8,-20,6,18,16,9,16] In this game I was playing against Armenian IM
David Shahinyan, who has been very succesful so far in the Washington Chess
events, winning several of them. I knew he's quite a good player but I wanted
a fight against him, so I chose the Sicilian defence.} 1. e4 c5 2. Nc3 Nc6 3.
g3 g6 4. Bg2 Bg7 5. d3 d6 6. Be3 Rb8 7. Qd2 b5 8. Nge2 b4 9. Nd1 h5 10. h3 Nd4
{Up to this moment it was preparation for me, since I saw that David almost
exclusively plays this system, specifically with 6)Be3, and Nd4 was my
"improvement over his game. However, later on, unfortunately I just misplayed
my position.} 11. O-O e6 12. Nc1 Ne7 13. c3 Ndc6 14. Ne2 {Around here I was on
my own and I started to drift.} bxc3 (14... Ba6 {possibly this was better.})
15. bxc3 Qa5 (15... Ba6) 16. f4 f5 17. Nf2 Ba6 18. Rab1 Kf7 (18... O-O) 19. g4
d5 20. gxf5 gxf5 21. e5 Rxb1 (21... Ng6 $1 {I wanted to play this move but the
following line bothered me....} 22. Rxb8 Rxb8 23. c4 $2 Qxd2 24. Bxd2 {But I
totally misevaluated it. I'm actually winning here!} Rb2) 22. Rxb1 Bf8 (22...
Ng6 23. c4 Qxd2 24. Bxd2 Nce7 {was still somehow good for me.}) 23. Kh2 c4 $2 {
a positional mistake.} (23... Ng6 24. c4 Qxd2 25. Bxd2 Nce7 {not sure why but
I kept being afraid of this type of position but somehow I'm doing very well
here.}) 24. d4 Ng6 {Game drawn by agreement. Since I didn't like where this
game was heading I decided to offer a draw. I think this position is close to
equal but if anyone can try it's probably him. I offered a draw since he
offered me a draw earlier so I thought it can be appropriate to offer a draw
back.} 1/2-1/2

[Event "Seattle Chess Classic"]
[Site "Chess.com"]
[Date "2020.08.15"]
[Round "6"]
[White "Lenderman, Aleksandr"]
[Black "Chang, Eddie"]
[Result "1-0"]
[ECO "D72"]
[WhiteElo "2717"]
[BlackElo "1887"]
[Annotator "Aleksandr Lenderman"]
[PlyCount "57"]
[EventDate "2020.??.??"]
[TimeControl "6000+30"]

{[%evp 0,57,39,15,22,3,37,20,32,13,19,22,22,35,35,11,46,46,50,54,46,45,47,23,
35,45,53,73,101,56,103,120,112,98,138,102,119,133,89,59,55,36,50,65,54,61,87,
85,120,115,151,143,204,187,203,203,262,270,262,262] In this game I am playing
a dangerous Eddie Chang. He might be under 2000 but seeing his games, I
noticed that he's quite creative and has beaten many higher rated players, so
I knew to not underestimate him.} 1. d4 Nf6 2. c4 g6 3. g3 Bg7 4. Bg2 d5 5.
cxd5 Nxd5 6. e4 Nb6 7. Ne2 c5 8. d5 e6 9. O-O O-O {Interestingly enough, the
opening is the same as against Rohan Talukhdar in round 2. I knew he plays
Grunfeld, and I was also aware that he prepares quite well for his games.
Therefore, this time I decided to change a little bit and play with the other
knight to c3 to throw him off :)} 10. Nbc3 (10. Nec3 {I played this against
Rohan.}) 10... Na6 {He blitzed this out so that told me that he prepared since
that's also the best move in the other line.} 11. Nf4 exd5 12. Nfxd5 Be6 $6 {
I think his prep ended here since he started thinking and made not the best
move.} (12... Nb4 {as far as I was aware, this is the main line.} 13. Be3 N6xd5
14. exd5 c4 $1 15. Bc5 Nd3 16. Bxf8 Qxf8 $44 {with compensation for exchange.
This would lead to interesting play.}) 13. Bf4 {The most natural.} Bxd5 14.
exd5 Nc4 15. Qb3 (15. Qe2 {This move might be better.} Nd6 16. Ne4 Re8 17. Bxd6
) 15... Nd6 16. Rad1 Re8 17. Rfe1 $6 (17. Nb5 {Here this move might've been
better.}) 17... Rxe1+ 18. Rxe1 c4 {Somehow I missed this move that now after
Qa3 there is now Bf8!} 19. Qd1 Nc5 20. Bf1 {I'm lucky to still retain some
advantage here. From this point though my opponent started to play very
inaccurately.} Rc8 (20... a6 $1 {This was better.} 21. Bxd6 Qxd6 22. Bxc4 b5)
21. Bxd6 Qxd6 22. Bxc4 Bxc3 $6 {Creative but not the best since it gives my
queen a very strong d4 square.} (22... Nd7 $14) (22... a6) 23. bxc3 Nd7 24. Qd4
Qc5 (24... Qf6 25. Bb3 Rxc3 26. Qxf6 Nxf6 27. Re7) (24... a6 $16) 25. Bb3 Qxd4
(25... Qxc3 26. Re8+ Nf8 27. Qxc3 Rxc3 28. Re7 $18 {Would also be dominating
for me.}) 26. cxd4 Kf8 27. d6 Re8 28. Rc1 Rd8 29. Rc7 {AlexanderL won by
resignation. I was happy to win this game quickly and keep pace with the
leaders.} 1-0

[Event "Seattle Chess Classic"]
[Site "Chess.com"]
[Date "2020.08.15"]
[Round "7"]
[White "Levine, Joseph"]
[Black "Lenderman, Aleksandr"]
[Result "1/2-1/2"]
[ECO "B10"]
[WhiteElo "2094"]
[BlackElo "2717"]
[Annotator "Aleksandr Lenderman"]
[PlyCount "72"]
[EventDate "2020.??.??"]
[TimeControl "6000+30"]

{[%evp 0,72,19,38,60,15,25,30,47,41,48,7,49,39,62,45,36,19,26,-8,-9,-18,-14,
-14,-24,-20,-8,-13,-10,-5,-17,-14,-13,-13,-13,-22,-22,-36,-17,-11,-15,-46,-48,
-47,-50,-47,-31,-37,-8,-42,0,-98,-92,-94,-94,-97,-92,-81,-85,-78,-68,-76,-73,
-78,-69,-74,-62,-57,-53,-49,-4,26,18,25,6] In round 7, I was playing against a
talented young player, Joseph Levine, rated around 2200. I have won against
him with white last year in Seattle, but this time, I was black and I had a
feeling the game will not be as easy. It turned out unfortunately that not
only was my prediction right, but I failed to even win the game.} 1. e4 c6 {
I decided to play Caro this time since I saw what Joseph plays against it, and
I liked the kind of position that I would get out of it.} 2. d3 d5 3. Nd2 g6 4.
Ngf3 Bg7 5. g3 e5 6. Bg2 Ne7 7. O-O O-O 8. Re1 d4 9. a4 c5 10. Nc4 Nbc6 {
around here my preparation ended. I was happy with the opening outcome since I
felt like I have a pleasant space advantage and also a position with all the
pieces still on the board. However, from here on, I don't think I played it
the best way.} 11. Nfd2 {He is not hiding his intension, wanting to play f4
and take with the g-pawn} Be6 12. f4 Qd7 (12... exf4 {I considered this of
course, but I wanted to perhaps wait until he plays a move like Nf3.} 13. gxf4
f5 {Here I wanted to play f5 but I saw that then he can play...} (13... Qd7 14.
e5 {Here I also didn't like the idea of giving him e5 and Ne4 but I can
disturb his harmony first with...} Bg4 15. Bf3 Bxf3 16. Qxf3 Nb4 $15 17. Qd1 f6
) 14. e5 $6 (14. exf5 {He should probably take here.} Bxf5 (14... Bxc4 15. Nxc4
Nxf5 16. Bd2 {with a complex game. He gets 2 bishops but his king is
compromised and my knight on f5 is powerful.}) 15. Ne4) 14... Nd5 15. Nf3 $2 {
And I thought he gets the d6 square. However, I am simply winning here after...
} Bh6 16. Ng5 Bxg5 17. fxg5 f4) (12... f6 {I also considered f6 but didn't
like it due to...} 13. f5 gxf5 14. exf5 Bxf5 15. Ne4 {And he gets ne4. That's
also why I wanted him to play Nf3 first.}) 13. Nxe5 {I was more worried about
Nf3.} (13. Nf3 {Here I was debating whether to take on f4 or play f6.} exf4 (
13... f6) (13... Bxc4 14. dxc4 exf4 15. gxf4 Rad8) 14. gxf4 f5) 13... Nxe5 14.
fxe5 Nc6 (14... Bxe5 {Perhaps it was better to keep the knights on the board.}
15. Nf3 Bg7) 15. Nf3 Nxe5 (15... Bg4 16. Bf4 (16. Rf1)) 16. Nxe5 Bxe5 17. Bf4
f6 (17... Qd6 {I considered this to gain a tempo and not let him play b3.
However, he can still play Bh6 or even...} 18. Bxe5 Qxe5 19. b3 {but maybe
that was a better version for me than the game.}) 18. b3 b6 (18... g5 {The
engine likes this, which I considered briefly.} 19. Bxe5 fxe5 20. Qh5 Qg7 21.
Rf1 {However, here I would probably have to trade lots of pieces, and I was
just not sure how good were my winning chances here.}) 19. Qd2 Qd6 20. h4 Rae8
21. Rf1 Bd7 22. Bxe5 Rxe5 23. Qh6 Rf7 (23... Rh5 24. Qf4 Qxf4 25. Rxf4 g5 26.
hxg5 fxg5 {was playable but felt like nothing so special.}) 24. Rf2 a6 25. Kh2
$2 {With a positional idea of Bh3, but this is the move I was hoping for,
since it's a blunder. However, unluckily for me, his position doesn't actually
collapse and he still has some hidden compensation even after this. From here
on Joseph defended really well and found the best chances.} Rh5 26. Qf4 Qxf4
27. Rxf4 g5 {The point! Now I'm winning at least a pawn.} 28. Rf2 gxh4 29. g4
$1 {This move, however, is very strong. He sacrifises another pawn but blocks
the h-file from my rook and now he has counterplay against my weak pawns.} Bxg4
$6 {I played this relatively quickly but apparently it wasn't best.} (29... Rg5
30. Raf1 Kg7 {Here I would still keep very good winning chances.}) 30. Raf1 Kg7
31. Bh3 Bxh3 32. Kxh3 Kg6 $2 {After this mistake it looks like my game isn't
winnable anymore.} (32... a5 {I should've played this move.}) 33. Rf5 Rxf5 34.
Rxf5 Re7 $6 {This move looked very attractive with the idea of Re5. Somehow I
only considered Kxh4 and Rd5, but completely missed his move. I only saw it
after he played it.} (34... a5 {Was a try even here but now it shouldn't yield
winning chances anymore after} 35. Kxh4 Rg7 36. Rd5 Kf7 37. Rd7+ $1 Kg6 38. Rd6
) 35. a5 $1 {Of course! a very strong move.} bxa5 36. Rxc5 {Now we reach an
amazing position. I am currently 2!! pawns up and it's my move, and my king is
safe. Yet, after looking at the position for a few minutes, I realized that
not only is it hard for me to keep winning chances, but in fact I have to be
very precise to not even lose! That reminded me of a famous episode where
during Soviet Union times, two strong masters were analyzing a certain
adjourned position and were looking for a way to create winning chances in a
position. Then, Vassily Smyslov, the 7th World Champion came nearby and they
asked him to try to find a winning attempt since he was known for being an
endgame maestro! Smyslov looked at the position and said: Yes, I think with
very precise play, maybe, we can make a draw!!! :) With that story, I will let
you, the readers, try to analyze the endgame and see why this is the case here.
I didn't want to chance it and decided to offer a draw after my move before it
is too late :)} Rb7 {Game drawn by agreement} (36... Re5 {This was my
intension but...} 37. Rc4 f5 38. Rxd4 Kg5 $2 {This was what I was hoping to
work but this is one sample line where I can even lose!!!.} 39. Rd5 $1 {
Always be aware of these King and Pawn endgames!} Rxd5 40. exd5 f4 41. d6 Kf6
42. c4 Ke6 43. c5 f3 44. d4 Kd7 45. d5 $18 {And eventually I run out of moves!
:) That would be comical! Not for me though :)}) 1/2-1/2

[Event "Seattle Chess Classic"]
[Site "Chess.com"]
[Date "2020.08.16"]
[Round "8"]
[White "Lenderman, Aleksandr"]
[Black "Yan, Rui Yang"]
[Result "1-0"]
[ECO "E04"]
[WhiteElo "2717"]
[BlackElo "2151"]
[Annotator "Aleksandr Lenderman"]
[PlyCount "119"]
[EventDate "2020.??.??"]
[TimeControl "6000+30"]

{[%evp 0,119,25,18,30,1,6,-2,-18,-7,-10,-20,20,18,14,14,7,-19,-30,-5,4,4,1,-6,
-12,-8,-11,-18,-11,-1,-3,-3,-3,-37,-5,-21,0,0,0,0,0,-19,-15,-45,-15,-39,-48,
-41,-45,-38,8,6,-6,2,14,15,16,16,18,18,21,23,19,17,27,26,20,18,21,25,32,18,8,
19,9,5,4,4,0,0,0,0,9,7,20,11,11,-21,0,-22,0,2,37,46,67,68,60,66,66,77,60,86,
121,122,298,314,340,348,416,416,524,582,578,582,772,772,772,772,772,794,1614,
1639] In round 8, I am playing Rui Yang, a talented young girl, rated 2200+.
I've played her a few times with black but it's the first time I played her
with white. I was looking forward to a slow grind from a pleasant position
based on what she played in the past against the Catalan. However, she threw a
very unpleasant surprise at me early on.} 1. d4 Nf6 2. c4 e6 3. g3 d5 4. Bg2
dxc4 $5 {Oh no! Had I known that she prepared the open Catalan against me
where I had to show my deep preparation and remember it, I would try to play
in a different way in the opening.} (4... Be7 5. Nf3 O-O 6. O-O c6 {I expected
something along those lines from her.}) 5. Nf3 a6 6. O-O Nc6 7. e3 Rb8 {
She played all of this very quickly. She's inviting me to enter the
complications after 8)Nfd2, which is the main line.} 8. Qe2 {A bit of a
concession. Now black is happy, she keeps her pawn, and is able to develop her
bishop to b7.} (8. Nfd2 {This is the main line and now...} e5 9. Bxc6+ bxc6 10.
dxe5 Ng4 11. Nxc4 Be6 {Here the theory only starts, and the lines can get very
sharp and interesting all the way up to move 30-40. I was not interested in
entering into a large theoretical debate against someone who I was sure has
just looked at these lines, and at the moment I couldn't remember the details.}
) 8... b5 9. b3 cxb3 10. axb3 Be7 11. Bb2 (11. Rd1 O-O 12. Nc3 Bb7 13. Ne5 {
Was maybe a better try but I don't think I can realistically fight for an
advantage here.}) 11... O-O 12. Rc1 Bb7 13. Nbd2 Nb4 {She was still blitzing.
I was getting very restless here. I'm down a pawn, my compensation is fading
away, and I'm facing a well-prepared player. Definitely not something I signed
up for in the morning. Now I'm just fighting to try to not be worse with white
after 14 moves, definitely not a pleasant feeling. I was just trying to find
the strong will in myself to try to keep fighting rather than just to offer a
draw out of frustration.} 14. Ne5 {Looks like relatively best.} Bxg2 15. Kxg2
Rb6 16. Qf3 $6 {The engine doesn't like this.} (16. Ba3 Qa8+ 17. e4 {Was
probably still roughly equal.}) 16... Bd6 (16... Nd7 17. Nc6 Nxc6 18. Rxc6 Rxc6
19. Qxc6 Nb8 $15 {Here black seems to keep some advantage thanks to her extra
pawns and for sure she guards all her weaknesses. Not clear how I should
proceed here.}) 17. Nc6 $6 {Also not best.} (17. Ba3) 17... Qa8 $6 {Missing a
great chance.} (17... Nxc6 18. Rxc6 Qa8 $17 {And I'm down a pawn with minimal
compensation.}) 18. Nxb4 Bxb4 19. Qxa8 Rxa8 20. Nf3 {At least I gain a tempo
on the c7 pawn.} Bd6 (20... Nd5 {was maybe even better.}) 21. Ra5 $6 {A very
awkward move} (21. Bc3 $15) 21... Bb4 22. Ra2 Bd6 23. Ba3 {Yes, I'm actually
playing for a win down a pawn. I felt like my opponent was unsure of herself
when she started to repeat and I wanted to make her believe that my position
isn't as bad. I was also trying to be confident in my position since I didn't
see anything that clear for her. However, as it turns out, I'm just much worse}
b4 24. Bb2 a5 $2 {This is a serious mistake though.} (24... Ne4 $1 {Stops Nd2
and therefore, keeps the pawn alive.}) 25. Nd2 Rba6 26. Nc4 Kf8 27. Rca1 Ke8
28. Rxa5 Rxa5 29. Rxa5 Rxa5 30. Nxa5 {Phew! I got the pawn back. Now at least
I figured I cannot be worse. I didn't really believe I can be better here, but
this position felt like paradise now where I can try to play without too much
risk for a long time and balck cannot force a draw immediately.} Kd7 31. Nc4
Kc6 32. Kf3 Nd7 33. Ke2 f6 34. Kd3 Be7 35. g4 Kb5 36. e4 Bd6 37. e5 $5 {
A bit risky but I felt like this was my only chance to create some imbalance
to be able to outplay her.} fxe5 38. dxe5 Nc5+ 39. Kc2 Be7 40. f4 g6 41. Ne3
Kc6 42. Bd4 (42. g5 {I should've played this move 1 move earlier but I was
mostly trying to play f5, and only saw the g5 idea later out of desparation.})
42... Nb7 43. g5 (43. f5 exf5 44. gxf5 gxf5 45. Nxf5 Bd8 {Doesn't really yield
winning chances for me, in fact I might have to be careful here to keep the
balance.}) 43... Na5 (43... Bc5 44. Bxc5 Kxc5 45. Ng4 Kd4 46. Nf6 Ke3 47. f5 $1
Nd8 {Leads to a draw with best play.}) 44. h4 Bf8 45. Bb2 h5 $6 {I actually
missed this move and at first I was scared since I thought that now I cannot
go Ng4 and then I have to fight for a draw. However, luckily for me, I had an
excellent move here. As I teach my students, one of the pluses of pawn moves
is that sometimes it clears a very important square for your piece, and this
is exactly the case here!} 46. f5 $1 {Of course! If not for this move I would
even be worse.} gxf5 $6 {Also a mistake.} (46... exf5 47. Ng2 Nb7 48. Nf4 Nc5
49. Bc1 $1 (49. Nxg6 Ne6 $11) 49... Kd7 50. Nxg6 Ne6 51. Kd3 Ke8 {Still
yielded drawing chances.}) 47. Ng2 Kd7 48. Nf4 Ke7 49. Nxh5 Kf7 50. Nf4 c5 51.
h5 {Now my connectors on the kingside win the game.} c4 52. bxc4 Nxc4 53. h6
Ke7 54. Bd4 b3+ 55. Kxb3 Nd2+ 56. Kc2 Ne4 57. h7 Bg7 58. g6 Bh8 59. Nh5 Kf8 60.
Bb2 {AlexanderL won by resignation. A very big relief and even a surprise that
I was somehow able to win this game, it was definitely not without at least
some luck.} 1-0